 Dungeon Crawl Stone Soup version 0.25-a0-378-gd2ca0b7745 (webtiles) character file.

Game seed: 17372233527689575364, levelgen mode: deterministic

4081 Napalmbreeze the Magician (level 10, -3/77 HPs)
             Began as a Gnoll Skald on Jan 7, 2020.
             Was an Elder of Okawaru.
             Slain by a swamp worm (7 damage)
             ... on level 8 of the Dungeon.
             The game lasted 00:23:00 (8769 turns).

Napalmbreeze the Magician (Gnoll Skald)             Turns: 8769, Time: 00:23:00

Health: -3/77      AC:  9    Str: 18    XL:     10   Next: 25%
Magic:  0/20       EV: 17    Int: 16    God:    Okawaru [****..]
Gold:   386        SH:  0    Dex: 15    Spells: 15/23 levels left

rFire    . . .     SeeInvis .   a - +0 spear
rCold    . . .     Gourm    .   (no shield)
rNeg     . . .     Faith    .   k - +0 ring mail
rPois    .         Spirit   .   A - +0 helmet
rElec    .         Reflect  .   B - +1 cloak {MR+}
rCorr    .         Harm     .   (no gloves)
MR       +....                  (no boots)
Stlth    ++........             f - amulet of rage
HPRegen  0.22/turn              b - +2 ring of evasion
MPRegen  0.17/turn              t - +2 ring of strength

@: infused, singing
A: distributed training, fangs 1, strong nose
a: Heroism, Renounce Religion, Evoke Berserk Rage


You were on level 8 of the Dungeon.
You worshipped Okawaru.
Okawaru was greatly pleased with you.
You were not hungry.

You visited 2 branches of the dungeon, and saw 9 of its levels.

You collected 470 gold pieces.
You spent 84 gold pieces at shops.

Inventory:

Hand Weapons
 a - a +0 spear (weapon)
Armour
 k - a +0 ring mail (worn)
 A - a +0 helmet (worn)
 B - a +1 cloak of magic resistance (worn)
Jewellery
 b - a +2 ring of evasion (left hand)
 f - an amulet of rage (around neck)
 h - a +2 ring of intelligence
 t - a +2 ring of strength (right hand)
Wands
 l - a wand of disintegration (7)
 w - a wand of acid (6)
Scrolls
 e - 4 scrolls of remove curse
 i - a scroll of identify
 m - 3 scrolls of enchant armour
 n - 4 scrolls of immolation {unknown}
 r - 6 scrolls of teleportation
 v - 4 scrolls of fear
 x - 2 scrolls of amnesia {unknown}
 y - a scroll of fog {unknown}
 z - a scroll of enchant weapon {unknown}
Potions
 c - 2 potions of flight
 g - a potion of agility {unknown}
 j - 2 potions of haste {unknown}
 o - 4 potions of heal wounds
 p - 7 potions of curing
 q - a potion of brilliance {unknown}
 s - a potion of berserk rage {unknown}
 u - 2 potions of lignification {unknown}
Comestibles
 d - 22 rations
 C - 7 chunks of flesh


   Skills:
 + Level 6.8 Fighting
 + Level 5.0 Short Blades
 + Level 5.0 Long Blades
 + Level 5.0 Axes
 + Level 5.0 Maces & Flails
 + Level 6.8 Polearms
 + Level 5.0 Staves
 + Level 5.0 Slings
 + Level 5.0 Bows
 + Level 5.0 Crossbows
 + Level 5.0 Throwing
 + Level 5.7 Armour
 + Level 6.8 Dodging
 + Level 5.0 Stealth
 + Level 5.0 Shields
 + Level 5.0 Unarmed Combat
 + Level 7.1 Spellcasting
 + Level 4.1 Conjurations
 + Level 4.1 Hexes
 + Level 6.9 Charms
 + Level 4.1 Summonings
 + Level 4.1 Necromancy
 + Level 4.1 Translocations
 + Level 4.1 Transmutations
 + Level 4.1 Fire Magic
 + Level 4.1 Ice Magic
 + Level 4.1 Air Magic
 + Level 4.1 Earth Magic
 + Level 4.1 Poison Magic
 + Level 5.5 Invocations
 + Level 5.0 Evocations


You had 15 spell levels left.
You knew the following spells:

 Your Spells              Type           Power        Failure   Level  Hunger
a - Infusion              Chrm           ####         1%          1    None
d - Song of Slaying       Chrm           ####....     1%          2    None
q - Shroud of Golubria    Chrm/Tloc      ###...       3%          2    None
s - Spectral Weapon       Hex/Chrm       ###.....     6%          3    ##.....

Your spell library contained the following spells:

 Spells                   Type           Power        Failure   Level  Hunger
 Corona                   Hex            ###....      3%          1    None
 Ensorcelled Hibernation  Hex/Ice        ###...       5%          2    None
 Ozocubu's Armour         Chrm/Ice       ###.....     6%          3    ##.....
 Confuse                  Hex            ###.....     11%         3    ##.....
 Dazzling Flash           Conj/Hex       ###...       11%         3    ##.....
 Tukima's Dance           Hex            ###.....     11%         3    ##.....


Dungeon Overview and Level Annotations

Branches:
Dungeon (8/15)             Temple (1/1) D:5
   Lair: D:8-11

Altars:
Ashenzari
Cheibriados
Dithmenos
Elyvilon
Fedhas
Gozag
Hepliaklqana
Kikubaaqudgha
Makhleb
Nemelex Xobeh
Okawaru
Qazlal
Sif Muna
Trog
Uskayaw
Vehumet
Wu Jian
Xom
Yredelemnul
The Shining One

Shops:
D:4 !


Innate Abilities, Weirdness & Mutations

Your experience applies equally to all skills.
You have very sharp teeth.
Your uncanny sense of smell can sniff out nearby items.


Message History

The swamp worm bites you but does no damage.
You hit the swamp worm!
The swamp worm is heavily wounded.
Your spectral weapon hits the swamp worm.
The swamp worm misses you.
You puncture the swamp worm!
The swamp worm is almost dead.
Your spectral weapon hits the swamp worm but does no damage.
Your shroud bends the swamp worm's attack away.
You closely miss the swamp worm.
The swamp worm is almost dead.
Your spectral weapon closely misses the swamp worm.
The swamp worm bites you!!
* * * LOW HITPOINT WARNING * * *
Your shroud falls apart!
You barely miss the swamp worm. Your bite misses the swamp worm.
The swamp worm is almost dead.
Your spectral weapon barely misses the swamp worm.
The swamp worm bites you!
You die...

#.###........##.#
#.##.........##.# .
#<##.........##.#
K...####.........##.#
#....).........##.#∆
∆....######+##..÷....#
o #.....(....#
#(w#.#####.#∆ #.@#.##
#.# #..#..## #.#
#..#...###.#
#..#≈≈≈≈≈..#
#..≈≈≈≈≈≈≈.#
....≈≈PwP≈≈##
##.≈≈##≈##≈≈.
#≈≈≈#w≈≈#≈≈≈.
#≈≈##≈≈≈##≈≈...


You could see a swamp worm and a friendly spectral +0 spear.

Vanquished Creatures
  Pikel (D:6)
  Maurice (D:8)
  Grinder (D:6)
  A hippogriff (D:8)
  Eustachio (D:6)
  A yak (D:8)
  Menkaure (D:4)
  A swamp worm (D:8)
  3 sky beasts
  2 black bears (D:8)
  2 ogres
  A phantom (D:6)
  2 centaurs (D:6)
  4 bullfrogs
  A big kobold (D:7)
  4 killer bees
  3 scorpions
  3 howler monkeys (D:7)
  A bullfrog zombie (D:5)
  6 hounds
  A crimson imp (D:6)
  2 orc priests
  An orc wizard (D:4)
  2 bullfrog skeletons (D:5)
  Jessica (D:3)
  Ijyb (D:5)
  2 worker ants (D:4)
  A killer bee zombie (D:8)
  2 hound skeletons
  Robin (D:3)
  8 adders
  7 shadow imps
  4 adder skeletons
  3 worms
  A dart slug (D:2)
  3 leopard geckos
  9 orcs
  3 ball pythons
  6 giant cockroaches
  15 goblins
  4 hobgoblins
  8 jackals
  9 kobolds
  6 quokkas
  A ball python skeleton (D:4)
  3 bats
  3 frilled lizards
  A jackal skeleton (D:4)
  A leopard gecko zombie (D:5)
  8 rats
157 creatures vanquished.

Vanquished Creatures (others)
  18 fungi (D:8)
  3 plants (D:8)
21 creatures vanquished.

Grand Total: 178 creatures vanquished

Notes
Turn   | Place    | Note
-------+----------+-------------------------------------------
     0 | D:1      | Napalmbreeze the Gnoll Skald began the quest for the Orb.
     0 | D:1      | Reached XP level 1. HP: 20/20 MP: 6/6
   530 | D:2      | Reached XP level 2. HP: 26/26 MP: 7/7
   719 | D:2      | Learned a level 2 spell: Song of Slaying
   875 | D:2      | Reached XP level 3. HP: 29/31 MP: 5/9
   945 | D:2      | Reached skill level 5 in Spellcasting
  1220 | D:2      | Reached skill level 1 in Invocations
  1331 | D:2      | Learned a level 3 spell: Spectral Weapon
  1334 | D:2      | Learned a level 2 spell: Shroud of Golubria
  1544 | D:2      | Reached skill level 1 in Short Blades
  1544 | D:2      | Reached skill level 1 in Long Blades
  1544 | D:2      | Reached skill level 1 in Axes
  1544 | D:2      | Reached skill level 1 in Maces & Flails
  1544 | D:2      | Reached skill level 1 in Staves
  1544 | D:2      | Reached skill level 1 in Slings
  1544 | D:2      | Reached skill level 1 in Bows
  1544 | D:2      | Reached skill level 1 in Crossbows
  1544 | D:2      | Reached skill level 1 in Throwing
  1544 | D:2      | Reached skill level 1 in Stealth
  1544 | D:2      | Reached skill level 1 in Shields
  1544 | D:2      | Reached skill level 1 in Unarmed Combat
  1544 | D:2      | Reached skill level 1 in Evocations
  1544 | D:2      | Reached XP level 4. HP: 38/38 MP: 6/11
  1768 | D:3      | Noticed Robin
  1842 | D:3      | Killed Robin
  1842 | D:3      | Reached skill level 1 in Conjurations
  1842 | D:3      | Reached skill level 1 in Hexes
  1842 | D:3      | Reached skill level 1 in Summonings
  1842 | D:3      | Reached skill level 1 in Necromancy
  1842 | D:3      | Reached skill level 1 in Translocations
  1842 | D:3      | Reached skill level 1 in Transmutations
  1842 | D:3      | Reached skill level 1 in Fire Magic
  1842 | D:3      | Reached skill level 1 in Ice Magic
  1842 | D:3      | Reached skill level 1 in Air Magic
  1842 | D:3      | Reached skill level 1 in Earth Magic
  1842 | D:3      | Reached skill level 1 in Poison Magic
  2051 | D:3      | Reached XP level 5. HP: 32/43 MP: 5/12
  2231 | D:3      | Noticed Jessica
  2248 | D:3      | Killed Jessica
  2635 | D:4      | Noticed an ogre
  2691 | D:4      | Noticed Menkaure
  2697 | D:4      | Killed Menkaure
  2697 | D:4      | Reached XP level 6. HP: 36/50 MP: 5/14
  2830 | D:4      | Reached skill level 5 in Fighting
  2830 | D:4      | Reached skill level 5 in Polearms
  2830 | D:4      | Reached skill level 5 in Dodging
  2949 | D:4      | Found Ceolom's Distillery.
  2978 | D:4      | Reached XP level 7. HP: 56/56 MP: 5/15
  3033 | D:4      | Bought a potion of flight for 36 gold pieces
  3033 | D:4      | Bought a potion of curing for 36 gold pieces
  3033 | D:4      | Bought a potion of degeneration for 12 gold pieces
  3358 | D:4      | Found a basalt altar of Yredelemnul.
  3601 | D:5      | Entered Level 5 of the Dungeon
  3601 | D:5      | Found a glowing golden altar of the Shining One.
  3804 | D:5      | Found a staircase to the Ecumenical Temple.
  3867 | Temple   | Entered the Ecumenical Temple
  4007 | Temple   | Became a worshipper of Warmaster Okawaru
  4094 | D:5      | Reached XP level 8. HP: 47/63 MP: 4/16
  4399 | D:5      | Noticed Ijyb
  4421 | D:5      | Killed Ijyb
  4925 | D:6      | Noticed Grinder
  4960 | D:6      | Noticed Eustachio
  4973 | D:6      | Killed Eustachio
  4973 | D:6      | Reached * piety under Okawaru
  4973 | D:6      | Reached skill level 6 in Spellcasting
  5352 | D:6      | Paralysed by Grinder for 7 turns
  5367 | D:6      | Killed Grinder
  5367 | D:6      | Reached ** piety under Okawaru
  5367 | D:6      | Reached XP level 9. HP: 52/69 MP: 5/18
  5621 | D:6      | Noticed Pikel
  5649 | D:6      | Killed Pikel
  6373 | D:7      | Reached skill level 5 in Armour
  6633 | D:7      | Reached *** piety under Okawaru
  7297 | D:7      | Reached skill level 5 in Invocations
  7973 | D:8      | Noticed Maurice
  7999 | D:8      | Killed Maurice
  7999 | D:8      | Reached **** piety under Okawaru
  7999 | D:8      | Reached skill level 7 in Spellcasting
  7999 | D:8      | Reached XP level 10. HP: 11/77 MP: 7/20
  8710 | D:8      | Reached skill level 5 in Short Blades
  8710 | D:8      | Reached skill level 5 in Long Blades
  8710 | D:8      | Reached skill level 5 in Axes
  8710 | D:8      | Reached skill level 5 in Maces & Flails
  8710 | D:8      | Reached skill level 5 in Staves
  8710 | D:8      | Reached skill level 5 in Slings
  8710 | D:8      | Reached skill level 5 in Bows
  8710 | D:8      | Reached skill level 5 in Crossbows
  8710 | D:8      | Reached skill level 5 in Throwing
  8710 | D:8      | Reached skill level 5 in Stealth
  8710 | D:8      | Reached skill level 5 in Shields
  8710 | D:8      | Reached skill level 5 in Unarmed Combat
  8710 | D:8      | Reached skill level 5 in Evocations
  8737 | D:8      | Received a gift from Okawaru
  8769 | D:8      | Slain by a swamp worm

Levels and vault maps discovered:
D:1:      dpeg_arrival_another_circle, layout_rooms, kennysheep_minor_cross
D:2:      layout_loops_corners, minmay_misc_feat_tower, dk_vineyard_2,
          minmay_hedge_maze, kennysheep_cross_room
D:3:      layout_basic, uniq_robin, uniq_jessica
D:4:      layout_loops_corners, serial_shops, nicolae_shop_window_shopping,
          kennysheep_nub, yredelemnul_altar_generic, uniq_menkaure
D:5:      layout_loops_corners, temple_doors_ab, basic_altar, first_ration,
          serial_glass, glass_columns_c, glass_columns_a, glass_columns_b,
          glass_columns_b, glass_columns_a, glass_columns_c, kennysheep_potato,
          uniq_ijyb
D:6:      layout_rooms, bh_chokoban, uniq_eustachio, uniq_pikel, uniq_grinder
D:7:      layout_loops_cross
D:8:      minmay_cornered_nines, layout_basic, due_lair_maze_entry_diamond,
          grunt_ogre_cave, minmay_misc_feat_hallway, worms_lemuel, uniq_maurice
Temple:   regret_index_temple_chain_breaker

Skill      XL: |  1  2  3  4  5  6  7  8  9 10 |
---------------+-------------------------------+-----
Spellcasting   | 5 6 7 |  7.1
Invocations    | 1 2 3 4 5 |  5.5
Short Blades   | 1 2 3 4 5 |  5.0
Long Blades    | 1 2 3 4 5 |  5.0
Axes           | 1 2 3 4 5 |  5.0
Maces & Flails | 1 2 3 4 5 |  5.0
Staves         | 1 2 3 4 5 |  5.0
Slings         | 1 2 3 4 5 |  5.0
Bows           | 1 2 3 4 5 |  5.0
Crossbows      | 1 2 3 4 5 |  5.0
Throwing       | 1 2 3 4 5 |  5.0
Stealth        | 1 2 3 4 5 |  5.0
Shields        | 1 2 3 4 5 |  5.0
Unarmed Combat | 1 2 3 4 5 |  5.0
Evocations     | 1 2 3 4 5 |  5.0
Conjurations   | 1 2 3 4 |  4.1
Hexes          | 1 2 3 4 |  4.1
Summonings     | 1 2 3 4 |  4.1
Necromancy     | 1 2 3 4 |  4.1
Translocations | 1 2 3 4 |  4.1
Transmutations | 1 2 3 4 |  4.1
Fire Magic     | 1 2 3 4 |  4.1
Ice Magic      | 1 2 3 4 |  4.1
Air Magic      | 1 2 3 4 |  4.1
Earth Magic    | 1 2 3 4 |  4.1
Poison Magic   | 1 2 3 4 |  4.1
Armour         | 3 4 5 |  5.7
Fighting       | 5 6 |  6.8
Polearms       | 5 6 |  6.8
Dodging        | 5 6 |  6.8
Charms         | 6 |  6.9

Action                   |  1- 3 |  4- 6 |  7- 9 | 10-12 || total
-------------------------+-------+-------+-------+-------++-------
Melee: Spear             |    98 |   132 |   412 |    65 ||   707
       Bite              |     8 |    11 |    56 |     7 ||    82
       Punch             |     1 |       |     2 |     2 ||     5
 Cast: Infusion          |     3 |     8 |    16 |     4 ||    31
       Song of Slaying   |     1 |     2 |     8 |     2 ||    13
       Spectral Weapon   |       |     7 |    30 |     5 ||    42
       Shroud of Golubri |       |     2 |     8 |     3 ||    13
Evoke: Wand              |       |       |       |     1 ||     1
  Use: Scroll            |       |       |     7 |       ||     7
 Stab: Sleeping          |     4 |       |     4 |       ||     8
       Distracted        |       |     1 |     3 |     1 ||     5
  Eat: Chunk             |     2 |     3 |     7 |     2 ||    14
       Ration            |       |     1 |     3 |       ||     4
Armor: Leather armour    |    12 |    20 |       |       ||    32
       Ring mail         |       |    11 |    75 |    19 ||   105
Dodge: Dodged            |    37 |    81 |   249 |    56 ||   423

Table legend:
 A = Non-vault XP
 B = Vault XP
 C = Vault XP percentage of total XP
 D = Non-vault monster count
 E = Vault monster count
 F = Vault count percentage of total count
                 A         B        C        D         E       F
            +---------+---------+-------+---------+---------+-------
      Total |    3182 |    2648 |  45.4 |     129 |      28 |  17.8
            +---------+---------+-------+---------+---------+-------
        D:1 |       8 |       0 |   0.0 |       6 |       0 |   0.0
        D:2 |      84 |       8 |   8.7 |      25 |       5 |  16.7
        D:3 |      64 |      66 |  50.8 |      13 |       9 |  40.9
        D:4 |     444 |     172 |  27.9 |      20 |       1 |   4.8
        D:5 |     502 |     115 |  18.6 |      21 |       4 |  16.0
        D:6 |     701 |    1140 |  61.9 |      15 |       3 |  16.7
        D:7 |    1082 |       0 |   0.0 |      26 |       0 |   0.0
        D:8 |     297 |    1147 |  79.4 |       3 |       6 |  66.7
            +---------+---------+-------+---------+---------+-------
